 Dungeon Crawl Stone Soup version 0.31-a0-702-gf82c85558f (webtiles) character file.

Game seed: 8876191490698647649

126 qw the Shooter (level 5, -1/32 HPs)
             Began as a Gargoyle Hunter on Sept 8, 2023.
             Slain by an orc wizard
             ... wielding a +0 dagger
              (3 damage)
             ... on level 4 of the Dungeon.
             The game lasted 00:00:58 (2281 turns).

qw the Shooter (Gargoyle Hunter)                    Turns: 2281, Time: 00:00:58

Health: -1/32      AC: 10    Str: 15    XL:     5   Next: 10%
Magic:  5/5        EV: 11    Int:  9    God:
Gold:   82         SH:  0    Dex: 18    Spells: 4/4 levels left

rFire   + . .        Y - +0 shortbow
rCold   . . .        (shield currently unavailable)
rNeg    + . .        h - +0 ring mail {rF+}
rPois   inf          (no helmet)
rElec   +            (no cloak)
rCorr   .            (no gloves)
SInv    .            d - +0 pair of boots of Lugonu's Anger {Dex+3}
Will    .....        (no amulet) Stlth
                     (no ring)
HPRegen 0.25/turn    (no ring)
MPRegen 0.09/turn

%: no passive effects
@: confused
A: sickness immunity, AC +4, negative energy resistance 1, electricity
resistance, torment resistance 1, petrification resistance
a: no special abilities


You were on level 4 of the Dungeon.
You visited 1 branch of the dungeon, and saw 4 of its levels.

You collected 166 gold pieces.
You spent 84 gold pieces at shops.


Innate Abilities, Weirdness & Mutations

You are immune to sickness and miasma.
Your stone body is resilient. (AC +4)
You are immune to poison.
You resist negative energy. (rN+)
You are resistant to electric shocks. (rElec)
You are resistant to unholy torment.
You are immune to petrification.


   Skills:
 - Level 3.0 Fighting
 + Level 5.8 Ranged Weapons
 - Level 1.0 Armour
 - Level 1.5 Dodging
 - Level 1.1 Stealth


You had 4 spell levels left.
You didn't know any spells.
Your spell library was empty.

Inventory:

Hand Weapons
 Y - a +0 shortbow (weapon)
Armour
 d - the +0 pair of boots of Lugonu's Anger (worn) {Dex+3}
   (You acquired it on level 3 of the Dungeon)

   Dex+3:     It affects your dexterity (+3).
 h - a +0 ring mail of fire resistance (worn)
Scrolls
 a - a scroll of enchant armour
 f - 3 scrolls of identify

Dungeon Overview and Level Annotations

Branches:
Dungeon (4/15)
 Temple: D:4-7

Altars:

Shops:
D:1 (   D:3 ?


Message History

The orc wizard hits you but does no damage.
You shoot an arrow. The arrow barely misses the orc wizard.
The orc hits you but does no damage. The orc wizard misses you.
The orc wizard gestures at you while chanting.
The puff of flame hits you. You resist. The orc hits you with a +0 hand axe.
You shoot an arrow. The arrow misses the orc wizard.
The orc hits you but does no damage.
The orc wizard casts a spell.
The orc wizard flickers and vanishes!
Deactivating autopickup; reactivate with Ctrl-A.
You shoot an arrow. The arrow closely misses the orc.
The orc hits you but does no damage. Something hits you.
You shoot an arrow. The arrow hits the orc.
The orc is heavily wounded.
The orc hits you with a +0 hand axe.
You hear some strange, mumbled words.
You are confused.
The orc hits you with a +0 hand axe. Something hits you.
The orc barely misses you.
You hear some strange, mumbled words.
A puff of flame appears from out of thin air!
The puff of flame misses you. The orc hits you but does no damage.
You hear some strange, mumbled words.
You are more confused.
The orc hits you but does no damage. Something hits you but does no damage.
The orc hits you with a +0 hand axe.
You hear some strange, mumbled words.
A puff of flame appears from out of thin air!
The puff of flame hits you. You resist. The orc hits you but does no damage.
Something hits you but does no damage. The orc barely misses you.
Something hits you but does no damage. The orc hits you but does no damage.
Something hits you but does no damage. The orc closely misses you.
You hear some strange, mumbled words.
A magic dart appears from out of thin air!
The magic dart hits you. The orc barely misses you.
Something barely misses you. The orc hits you with a +0 hand axe.
Something hits you.
You die...

............>...
##.#.........#
.............#
#...#.#.#.#.#
#...))#<....#
.#+###...#####
#.....'...+
#.....#...######.
#.....#..@{......
..........o......
#................
#.........####.#.
#<........# #
###...... ###...#
#...#


You could see an orc.

Vanquished Creatures
  An orc wizard (D:4)
  4 adders
  2 worms
  A dart slug (D:1)
  3 orcs
  14 ball pythons
  5 endoplasms
  A giant cockroach (D:1)
  2 goblins (D:3)
  7 hobgoblins
  4 jackals (D:1)
  5 kobolds
  2 quokkas (D:1)
  4 bats
  2 rats
57 creatures vanquished.

Notes
Turn   | Place    | Note
-------+----------+-------------------------------------------
     0 | D:1      | qw the Gargoyle Hunter began the quest for the Orb.
     0 | D:1      | Reached XP level 1. HP: 12/12 MP: 1/1
     0 | D:1      | 0 ||| qw: Version: 0.3-a-76-g4403597
     0 | D:1      | 0 ||| qw: Game counter: 1128
     0 | D:1      | 0 ||| qw: Melee chars always use a shield: true
     0 | D:1      | 0 ||| qw: God list: Okawaru
     0 | D:1      | 0 ||| qw: Allow faded altars: false
     0 | D:1      | 0 ||| qw: Do Orc after clearing Dungeon:15 true
     0 | D:1      | 0 ||| qw: Do second Lair branch before Depths: true
     0 | D:1      | 0 ||| qw: Lair rune preference: random
     0 | D:1      | 0 ||| qw: Goals: Normal
     0 | D:1      | 0 ||| PLANNING D:1-11
    51 | D:1      | Reached XP level 2. HP: 11/17 MP: 2/2
   256 | D:1      | Reached XP level 3. HP: 21/21 MP: 3/3
   488 | D:1      | Reached skill level 5 in Ranged Weapons
   514 | D:1      | Found Vijoz's Weapon Emporium.
   829 | D:1      | 829 ||| UPGRADING to +0 ring mail.
   839 | D:1      | 839 ||| DROPPING +0 leather armour.
   840 | D:1      | 840 ||| READING 2 scrolls labelled KEEZIF ADURO.
   841 | D:1      | 841 ||| READING scroll labelled TERGHO UFOAPH.
   842 | D:1      | 842 ||| READING scroll labelled ELIUTU XETS.
   843 | D:1      | 843 ||| DROPPING scroll of butterflies.
  1050 | D:2      | Reached skill level 1 in Armour
  1368 | D:2      | Reached XP level 4. HP: 27/27 MP: 4/4
  1383 | D:2      | Reached skill level 3 in Fighting
  1412 | D:2      | 1412 ||| READING scroll labelled ZUEPRIN WANEOPPUNE.
  1413 | D:2      | 1413 ||| READING 2 scrolls labelled NYWNOA MEFITIM.
  1414 | D:2      | 1414 ||| READING scroll labelled LUMAFYN ORGHAOSS.
  1515 | D:2      | 1515 ||| DROPPING scroll of poison.
  1636 | D:3      | Found Gogior's Magic Scroll Shop.
  1644 | D:3      | 1644 ||| BUYING scroll of identify (28 gold).
  1644 | D:3      | Bought a scroll of identify for 28 gold pieces
  1644 | D:3      | 1644 ||| BUYING scroll of identify (28 gold).
  1644 | D:3      | Bought a scroll of identify for 28 gold pieces
  1644 | D:3      | 1644 ||| BUYING scroll of identify (28 gold).
  1644 | D:3      | Bought a scroll of identify for 28 gold pieces
  2188 | D:3      | 2188 ||| UPGRADING to +0 ring mail of fire resistance.
  2198 | D:3      | 2198 ||| DROPPING +0 ring mail.
  2199 | D:3      | 2199 ||| READING scroll labelled TUEHOA GUXAREMM.
  2200 | D:3      | 2200 ||| READING scroll labelled QAM VUJUYK.
  2200 | D:3      | Identified a scroll of acquirement
  2200 | D:3      | 2200 ||| ACQUIRING +0 pair of boots of Lugonu's Anger
                  | {Dex+3}
  2200 | D:3      | Acquired the +0 pair of boots of Lugonu's Anger {Dex+3}
  2202 | D:3      | 2202 ||| UPGRADING to +0 pair of boots of Lugonu's Anger
                  | {Dex+3}.
  2207 | D:3      | 2207 ||| READING 5 scrolls of identify.
  2207 | D:3      | 2207 ||| IDENTIFYING emerald potion
  2208 | D:3      | 2208 ||| READING 4 scrolls of identify.
  2208 | D:3      | 2208 ||| IDENTIFYING green potion
  2209 | D:3      | 2209 ||| DROPPING potion of berserk rage.
  2223 | D:4      | 2223 ||| DRINKING potion of curing.
  2223 | D:4      | 2223 ||| (to cure confusion)
  2225 | D:4      | 2225 ||| Stepping ~*~*~tactically~*~*~ (retreating).
  2235 | D:4      | Reached XP level 5. HP: 28/32 MP: 5/5
  2275 | D:4      | HP: 6/32 [something/puff of flame (3)]
  2281 | D:4      | HP: 2/32 [orc/+0 hand axe (3)]
  2281 | D:4      | Slain by an orc wizard

Levels and vault maps discovered:
D:1:      lemuel_arrival_muddy, layout_basic, serial_shops,
          nicolae_shop_bloodbath_and_beyond
D:2:      layout_basic
D:3:      layout_basic, serial_aquarium, aquarium_bridge_straight
          [aquarium_subvault_bridge, aquarium_subvault_window,
          aquarium_subvault_bridge, aquarium_subvault_wall],
          aquarium_window_fake, aquarium_window_corner, aquarium_window_fake,
          aquarium_window_1, aquarium_view_2a, serial_shops,
          nicolae_shop_crystal, st_stairs_2
D:4:      minmay_goblin_kobold_castle, layout_basic

Skill      XL: |  1  2  3  4 |
---------------+-------------+-----
Ranged Weapons | 5 |  5.8
Armour         | 1 |  1.0
Fighting       | 3 |  3.0
Dodging        | |  1.5
Stealth        | |  1.1

Action                     |  1- 3 |  4- 6 || total
---------------------------+-------+-------++-------
   Fire: Shortbow          |   139 |    96 ||   235
    Use: Scroll            |     3 |     7 ||    10
         Potion            |       |     1 ||     1
 Armour: Leather armour    |    17 |       ||    17
         Ring mail         |    33 |    58 ||    91
  Dodge: Dodged            |    53 |    32 ||    85

Table legend:
 A = Non-vault XP
 B = Vault XP
 C = Vault XP percentage of total XP
 D = Non-vault monster count
 E = Vault monster count
 F = Vault count percentage of total count
                 A         B        C        D         E       F
            +---------+---------+-------+---------+---------+-------
      Total |     177 |       4 |   2.2 |      55 |       2 |   3.5
            +---------+---------+-------+---------+---------+-------
        D:1 |      46 |       0 |   0.0 |      25 |       0 |   0.0
        D:2 |      41 |       0 |   0.0 |      16 |       0 |   0.0
        D:3 |      47 |       4 |   7.8 |      11 |       2 |  15.4
        D:4 |      43 |       0 |   0.0 |       3 |       0 |   0.0
            +---------+---------+-------+---------+---------+-------
